 Dungeon Crawl Stone Soup version 0.31-a0-1447-g87ca8d402b (webtiles) character file.

Game seed: 17881966863864209912

592 Sobieck the Ruffian (level 7, -8/59 HPs)
             Began as a Grey Draconian Shapeshifter on Dec 27, 2023.
             Mangled by an orc warrior
             ... wielding a +0 battleaxe
              (11 damage)
             ... on level 4 of the Dungeon.
             The game lasted 00:05:18 (3643 turns).

Sobieck the Ruffian (Grey Draconian Shapeshifter)   Turns: 3643, Time: 00:05:18

Health: -8/59      AC: 11    Str: 19    XL:     7   Next: 16%
Magic:  7/7        EV: 12    Int: 10    God:
Gold:   149        SH:  0    Dex: 10    Spells: 6/6 levels left

rFire   . .          .
                       - Unarmed
rCold   . . .        (no shield)
rNeg    . . .        (body armour unavailable)
rPois   .            (helmet currently unavailable)
rElec   .            (cloak currently unavailable)
rCorr   .            (gloves currently unavailable)
SInv    .            (boots currently unavailable)
Will    .....        (no amulet)
Stlth   +            (no ring)
HPRegen 0.29/turn    (no ring)
MPRegen 0.10/turn

%: no passive effects
@: beast-form
A: beast (slay +2), AC +11, amphibious, unfitting armour, cold-blooded
a: Begin Untransformation


You were on level 4 of the Dungeon.
You were a hulking beast.
You visited 1 branch of the dungeon, and saw 4 of its levels.

You collected 149 gold pieces.

Inventory:

Missiles
 t - 13 boomerangs
 Z - a throwing net
Armour
 o - an orb of light
 q - a +0 pair of gloves
Talismans
 b - a beast talisman
 c - a flux talisman
Wands
 E - a wand of charming (12)
Scrolls
 d - 5 scrolls of identify {unknown}
 e - 3 scrolls of teleportation {unknown}
 f - 4 scrolls of noise {unknown}
 g - a scroll of brand weapon {unknown}
 k - a scroll of fog {unknown}
 m - a scroll of vulnerability {unknown}
 n - a scroll of revelation {unknown}
 p - a scroll of amnesia {unknown}
Potions
 a - a potion of lignification
 h - a potion of degeneration {unknown}
 i - a potion of enlightenment {unknown}
 j - a potion of heal wounds {unknown}
 l - a potion of attraction {unknown}


   Skills:
 + Level 4.2 Fighting
 + Level 3.8 Dodging
 + Level 4.8 Unarmed Combat
 + Level 4.5 Shapeshifting


You had 6 spell levels left.
You didn't know any spells.
Your spell library contained the following spells:

 Spells                   Type           Power      Damage    Failure   Level
 Foxfire                  Conj/Fire      0%         2x1d4     36%         1
 Magic Dart               Conj           0%         1d3       36%         1
 Plasma Beam              Fire/Air       0%         2x1d10    100%        6
 Starburst                Conj/Fire      0%         6d3       100%        6


Dungeon Overview and Level Annotations

Branches:
Dungeon (4/15)
 Temple: D:4-7

Altars:
Qazlal
Sif Muna
Trog

Annotations:
D:2 1 runed translucent door, Crazy Yiuf


Innate Abilities, Weirdness & Mutations

You are a hulking beast.
Your limbs bulge with bestial killing power. (Slay +2)
Your dull iron-grey scales are very hard. (AC +11)
You are amphibious.
You cannot fit into any form of body armour.
You are cold-blooded and may be slowed by cold attacks.


Message History

Your tail-slap misses the orc warrior.
The orc warrior hits you with a +0 battleaxe!
You are too injured to fight recklessly!
You are too injured to fight recklessly!
Unknown command.
You closely miss the orc warrior.
Your tail-slap misses the orc warrior.
The orc warrior hits you with a +0 battleaxe!
* * * LOW HITPOINT WARNING * * *
You barely miss the orc warrior. You tail-slap the orc warrior.
The orc warrior is lightly wounded.
The orc warrior barely misses you.
You hit the orc warrior but do no damage.
You tail-slap the orc warrior, but do no damage.
The orc warrior is lightly wounded.
The orc warrior barely misses you.
You barely miss the orc warrior.
Your tail-slap misses the orc warrior.
The orc warrior is lightly wounded.
The orc warrior closely misses you.
You hit the orc warrior but do no damage.
The orc warrior is lightly wounded.
The orc warrior barely misses you.
You hit the orc warrior but do no damage.
You tail-slap the orc warrior.
The orc warrior is lightly wounded.
The orc warrior hits you but does no damage.
Unknown command.
You hit the orc warrior but do no damage.
Your punch misses the orc warrior.
The orc warrior is lightly wounded.
You hit the orc warrior.
The orc warrior is moderately wounded.
The orc warrior misses you.
You hit the orc warrior.
You tail-slap the orc warrior, but do no damage.
The orc warrior is moderately wounded.
The orc warrior hits you with a +0 battleaxe.
* * * LOW HITPOINT WARNING * * *
You hit the orc warrior but do no damage.
The orc warrior is moderately wounded.
The orc warrior closely misses you.
Unknown command.
You hit the orc warrior.
You tail-slap the orc warrior, but do no damage.
The orc warrior is heavily wounded.
The orc warrior hits you with a +0 battleaxe!
* * * LOW HITPOINT WARNING * * *
You hit the orc warrior but do no damage.
The orc warrior is heavily wounded.
The orc warrior hits you with a +0 battleaxe!
You die...

### #.. # #.# ### #
#.# #..## # #.###_o.##
##### #..##..h.##
#.... #...###...##
#.... #.)..###...#
#.... #.#...#∩#...#
#.... #.##...###......
#....
#######.###...###....#
#.... #.......#
##....##.... #....
##.###### ##.._# ###.
#.... #.# ##..#
##.####....


You could see an orc warrior.

Vanquished Creatures
  Sigmund (D:2)
  A scorpion (D:4)
  A bombardier beetle (D:4)
  An iguana (D:4)
  Ijyb (D:2)
  Natasha (thrice) (D:3)
  An orc wizard (D:4)
  Terence (D:2)
  4 gnolls
  5 adders
  2 dart slugs (D:3)
  5 orcs (D:3)
  5 ball pythons
  4 bats
  4 endoplasms
  5 giant cockroaches
  6 goblins
  7 hobgoblins
  6 jackals
  4 quokkas
  3 frilled lizards
  11 kobolds
  7 rats
88 creatures vanquished.

Notes
Turn   | Place    | Note
-------+----------+-------------------------------------------
     0 | D:1      | Sobieck the Draconian Shapeshifter began the quest for the
                  | Orb.
     0 | D:1      | Reached XP level 1. HP: 16/16 MP: 1/1
    73 | D:1      | Reached XP level 2. HP: 19/23 MP: 2/2
   271 | D:1      | Reached XP level 3. HP: 23/29 MP: 3/3
  1086 | D:2      | Noticed Sigmund
  1109 | D:2      | Killed Sigmund
  1110 | D:2      | Reached skill level 3 in Fighting
  1110 | D:2      | Reached skill level 3 in Dodging
  1110 | D:2      | Reached XP level 4. HP: 11/38 MP: 4/4
  1110 | D:2      | Reached XP level 5. HP: 13/45 MP: 5/5
  1375 | D:2      | Noticed Terence
  1387 | D:2      | Killed Terence
  2034 | D:2      | Found a runed translucent door.
  2035 | D:2      | Noticed Crazy Yiuf
  2126 | D:3      | Noticed Ijyb
  2126 | D:3      | Found a faded altar of an unknown god.
  2161 | D:2      | Killed Ijyb
  2162 | D:2      | Reached XP level 6. HP: 34/51 MP: 6/6
  2275 | D:3      | Found a stormy altar of Qazlal.
  2275 | D:3      | Noticed a water elemental
  2287 | D:3      | Noticed Natasha
  2293 | D:3      | Killed Natasha
  2391 | D:3      | Noticed an air elemental
  2391 | D:3      | Noticed a fire elemental
  2450 | D:3      | Noticed Natasha
  2456 | D:3      | Killed Natasha
  2505 | D:3      | Noticed Natasha
  2512 | D:3      | Killed Natasha
  3170 | D:4      | Your scales start taking on a dull iron-grey colour.
  3170 | D:4      | Reached XP level 7. HP: 41/59 MP: 7/7
  3603 | D:4      | Found a shimmering blue altar of Sif Muna.
  3620 | D:4      | Got Sif Muna's Octavo of Striking
  3625 | D:4      | Found a bloodstained altar of Trog.
  3643 | D:4      | Mangled by an orc warrior

Illustrated notes

Levels and vault maps discovered:
D:1:      erik_arrival_cave_to_civilisation [erik_arrival_cave_to_hall],
          layout_loops_corners, hangedman_abyss_or_decor_lesser_grid,
          minivault_4
D:2:      layout_loops_ring, uniq_sigmund, uniq_crazy_yiuf_cottage, uniq_terence
D:3:      layout_rooms, nicolae_qazlal_style_of_elements,
          nicolae_ecumenical_pavilion, uniq_ijyb, uniq_natasha
D:4:      layout_basic, nzn_overflow_gifts_of_might_and_magic,
          serial_corexii_hall, corexii_hall_statues_s, corexii_hall_statues_t

Skill      XL: |  1  2  3  4  5  6 |
---------------+-------------------+-----
Dodging        | 2 3 |  3.8
Fighting       | 3 4 |  4.2
Unarmed Combat | 4 |  4.8
Shapeshifting  | 4 |  4.5

Action                     |  1- 3 |  4- 6 |  7- 9 || total
---------------------------+-------+-------+-------++-------
  Melee: Unarmed           |    87 |   138 |    30 ||   255
         Punch             |     3 |     2 |     1 ||     6
         Tailslap          |     8 |    14 |     9 ||    31
   Stab: Sleeping          |       |     1 |       ||     1
 Armour: Skin              |    40 |   101 |    12 ||   153
  Dodge: Dodged            |    46 |    73 |    12 ||   131

Table legend: (Time is in decaauts)
 A = Elapsed time spent in this place.
 B = Non-inter-level travel time spent in this place.
 C = Inter-level travel time spent in this place.
 D = Time resting spent in this place.
 E = Time spent auto-exploring this place.
 F = Levels seen in this place.
 G = Mean time per level.
                   A        B        C        D        E       F      G
               +--------+--------+--------+--------+--------+-----+--------+
         Total |   3625 |   3465 |    160 |    179 |   2715 |   4 |  906.2 |
       Dungeon |   3625 |   3465 |    160 |    179 |   2715 |   4 |  906.2 |
               +--------+--------+--------+--------+--------+-----+--------+

Top non-repeatable levels by time:
     D:2: 1192 daAuts
     D:1: 1002 daAuts
     D:4: 798 daAuts
     D:3: 631 daAuts
